 Dungeon Crawl Stone Soup version 0.24.1 (webtiles) character file.

Game seed: 12061156592810638022, levelgen mode: deterministic

193337 lepoulpe303 the Brawler (level 17, -9/178 HPs)
             Began as a Troll Monk on Apr 1, 2020.
             Was the Champion of Qazlal.
             Killed by the raging water
             ... invoked by a water nymph
              (16 damage)
             ... on level 1 of the Shoals.
             The game lasted 02:33:16 (33534 turns).

lepoulpe303 the Brawler (Troll Monk)               Turns: 33534, Time: 02:33:17

Health: -9/178     AC: 17    Str: 29    XL:     17   Next: 64%
Magic:  25/25      EV: 16    Int:  6    God:    Qazlal [******]
Gold:   461        SH:  8    Dex: 16    Spells: 16/16 levels left

rFire    . . .     SeeInvis .     - Unarmed
rCold    . . .     Gourm    +   (no shield)
rNeg     . . .     Faith    .   k - +1 troll leather armour {regen}
rPois    +         Spirit   .   v - +1 hat
rElec    .         Reflect  .   Q - +2 cloak {rPois} {rPois}
rCorr    .         Harm     .   (gloves unavailable)
MR       +....                  (boots unavailable)
Stlth    +.........             o - amulet of rage
HPRegen  1.19/turn              C - +2 ring of dexterity
MPRegen  0.19/turn              a - +3 ring of strength

@: barbed spikes, protected from physical damage, studying Unarmed Combat, repel
missiles, very slow
A: large, unfitting armour, claws 3, fast metabolism 3, gourmand, regeneration
1, shaggy fur 1, tough skin 3
}: 1/15 runes: serpentine
a: Upheaval, Elemental Force, Disaster Area, Renounce Religion, Evoke Berserk
Rage


You were on level 1 of the Shoals.
You worshipped Qazlal.
Qazlal was exalted by your worship.
You were not hungry.

You visited 6 branches of the dungeon, and saw 29 of its levels.
You also visited: Ossuary.

You collected 2710 gold pieces.
You spent 2249 gold pieces at shops.

Inventory:

Missiles
 E - 4 boomerangs of dispersal {=f}
 K - 6 silver boomerangs
 U - 53 poisoned darts
 W - 3 javelins (quivered)
 X - 4 large rocks {!d}
 Z - 7 throwing nets {=f}
Armour
 k - a +1 troll leather armour (worn) {regen}
 v - a +1 hat (worn)
 L - +0 ice dragon scales
 Q - a +2 cloak of poison resistance (worn) {rPois}
Jewellery
 a - a +3 ring of strength (right claw)
 m - an uncursed ring of protection from magic
 o - an amulet of rage (around neck)
 C - a +2 ring of dexterity (left claw)
 I - an uncursed ring of protection from cold
 N - an uncursed ring of positive energy {rN+}
 S - an uncursed ring of see invisible
 V - an uncursed ring of positive energy {rN+}
Wands
 c - a wand of flame (10)
 x - a wand of enslavement (12)
 D - a wand of digging (1)
 G - a wand of paralysis (5)
 H - a wand of acid (9)
 J - a wand of iceblast (4)
 O - a wand of clouds (13)
Scrolls
 f - 2 scrolls of fog
 g - 6 scrolls of fear
 i - 4 scrolls of identify
 p - a scroll of holy word {!r}
 t - 7 scrolls of teleportation
 w - 10 scrolls of remove curse
 y - 5 scrolls of noise {!r}
 A - 6 scrolls of magic mapping {!r}
 B - 2 scrolls of blinking {!r}
Potions
 b - 4 potions of flight
 d - 3 potions of might
 h - 4 potions of haste
 j - 5 potions of ambrosia
 l - 6 potions of heal wounds
 n - 5 potions of resistance
 q - 13 potions of curing
 s - 3 potions of agility
 F - 3 potions of cancellation
 M - 4 potions of lignification {!q}
 R - a potion of invisibility
Books
 r - a manual of Unarmed Combat {!d}
Miscellaneous
 u - a box of beasts
 z - a phantom mirror
Comestibles
 e - 28 rations


   Skills:
 * Level 13.5 Fighting
 + Level 10.5 Throwing
 + Level 5.8 Armour
 + Level 10.0 Dodging
 - Level 1.0 Stealth
 * Level 15.9 Unarmed Combat
 * Level 13.1 Invocations
 + Level 6.0 Evocations


You had 16 spell levels left.
You didn't know any spells.
Your spell library contained the following spells:

 Spells                   Type           Power        Failure   Level  Hunger
 Confusing Touch          Hex            #.....       50%         1    ##.....
 Corona                   Hex            #......      50%         1    ##.....
 Flame Tongue             Conj/Fire      #....        50%         1    ##.....
 Infusion                 Chrm           #...         50%         1    ##.....
 Magic Dart               Conj           #...         50%         1    ##.....
 Blink                    Tloc           N/A          63%         2    ###....
 Call Imp                 Summ           #.......     63%         2    ###....
 Ensorcelled Hibernation  Hex/Ice        #.....       63%         2    ###....
 Shroud of Golubria       Chrm/Tloc      #.....       63%         2    ###....
 Slow                     Hex            #.......     63%         2    ###....
 Song of Slaying          Chrm           #.......     63%         2    ###....
 Throw Flame              Conj/Fire      #.....       63%         2    ###....
 Confuse                  Hex            #.......     86%         3    ####...
 Conjure Flame            Conj/Fire      #.......     86%         3    ####...
 Dazzling Spray           Conj/Hex       #.....       86%         3    ####...
 Gell's Gravitas          Tloc           #.........   86%         3    ####...
 Inner Flame              Hex/Fire       #.......     86%         3    ####...
 Mephitic Cloud           Conj/Pois/Air  #.......     86%         3    ####...
 Regeneration             Chrm/Necr      #.........   86%         3    ####...
 Spectral Weapon          Hex/Chrm       #.......     86%         3    ####...
 Tukima's Dance           Hex            #.......     86%         3    ####...
 Petrify                  Tmut/Erth      #.......     99%         4    #####..
 Sticky Flame             Conj/Fire      #.......     99%         4    #####..
 Fireball                 Conj/Fire      #.........   100%        5    ######.
 Irradiate                Conj/Tmut      #.........   100%        5    ######.
 Metabolic Englaciation   Hex/Ice        #.........   100%        5    ######.
 Yara's Violent Unravell  Hex/Tmut       #.........   100%        5    ######.
 Hydra Form               Tmut           #.........   100%        6    #######
 Statue Form              Tmut/Erth      #........    100%        6    #######
 Dragon Form              Tmut           #.........   100%        7    #######


Dungeon Overview and Level Annotations

Branches:
Dungeon (15/15)            Temple (1/1) D:6            Lair (6/6) D:11
 Shoals (1/4) Lair:4        Snake (4/4) Lair:3        Slime (0/5) Lair:5
    Orc (2/2) D:9             Elf (0/3) Orc:2        Vaults (0/5) D:13
 Depths (0/5) D:15        Ossuary (visited)

Altars:
Ashenzari
Cheibriados
Dithmenos
Elyvilon
Fedhas
Gozag
Hepliaklqana
Kikubaaqudgha
Makhleb
Nemelex Xobeh
Okawaru
Qazlal
Ru
Sif Muna
Trog
Uskayaw
Vehumet
Wu Jian
Xom
Yredelemnul
Zin
The Shining One
Beogh

Shops:
D:8 !   D:9 *   D:15 =   Orc:2 !([:*:[   Snake:1 :

Annotations:
D:10 1 runed translucent door, Nebesus's ghost, journeyman MiFi


Innate Abilities, Weirdness & Mutations

You are too large for most types of armour.
You have claws for hands.
Your metabolism is lightning-fast.
You like to eat raw meat.
Your natural rate of healing is unusually fast.
You are covered in fur. (AC +1)
You have extremely tough skin. (AC +3)


Message History

The merfolk is engulfed in blazing flames.
The merfolk hits you from afar with a +0 trident.
* * * LOW HITPOINT WARNING * * *
The water nymph closely misses you.
You take 47 damage, and have 39/178 hp.
MASSIVE DAMAGE!!
You feel better.
A manticore comes into view.
The water nymph casts a spell at you. The water swirls and strikes you!!
* * * LOW HITPOINT WARNING * * *
The merfolk is engulfed in freezing vapours.
You kill the merfolk!
The merfolk hits you from afar with a +0 trident.
* * * LOW HITPOINT WARNING * * *
The manticore flicks its tail.
The volley of spikes is repelled.
You block the merfolk's attack.
The water nymph gestures at you while chanting.
The water swirls and strikes you!
You die...

≈≈≈≈≈≈≈ ≈
≈≈≈≈≈≈≈ ≈≈
≈≈≈≈≈≈≈ ≈≈≈
≈≈≈≈≈≈≈ ≈≈≈≈
.≈≈≈≈≈≈ ≈≈≈≈.
○§≈≈≈≈≈
≈≈≈≈≈≈###m.≈≈≈≈≈
≈≈k≈m≈m°@≈....≈H
≈≈≈≈.≈..§≈○.((.≈
≈≈..(≈°mH°>.#...
≈≈(........## .
.....(..##...
.....(..# ....
######... .....
#... ≈≈..≈


You could see a wind drake, 2 merfolk, 2 manticores and 2 water nymphs.

Levels and vault maps discovered:
D:1:      dpeg_arrival_connections, layout_loops_ring, corexii_leaking_fountain
D:2:      layout_rooms, first_ration
D:3:      layout_basic
D:4:      layout_cave_pods, minmay_manual_monolith, uniq_duvessa
D:5:      layout_loops_ring, lemuel_crystal_altar, uniq_prince_ribbit1
D:6:      layout_cave_pools, minmay_temple_entry_arrows
D:7:      layout_loops_corners, grunt_ogre_cave, uniq_crazy_yiuf_cottage
D:8:      layout_basic, serial_shops, shop, nicolae_ossuary_entry_monument,
          makhleb_altar_promises_db, uniq_erica
D:9:      layout_roguey, orc_0_dummy, serial_shops, shop
D:10:     layout_irregular_city, ebering_ghost_funeral_grove, fedhas_altar_4,
          uniq_sonja, uniq_urug, uniq_harold
D:11:     layout_cave_pools, minmay_lair_entry_grove, basic_altar, uniq_erolcha
D:12:     layout_loops_cross, uniq_nergalle
D:13:     layout_basic, lightli_vaults_fourway_checkpoint, kb_rosetta
D:14:     layout_long_grid, serial_park_paths [serial_park_minivault_5x5_6],
          uniq_snorg
D:15:     gammafunk_enter_depths_forms, layout_rooms, serial_shops, shop
Temple:   nicolae_temple_the_god_donut
Lair:1:   layout_chaotic_city, minmay_lair_oklob_items, lemuel_fruit_tree
Lair:2:   layout_cave_pods
Lair:3:   layout_chaotic_city, dummy_snake_entry
Lair:4:   layout_regular_city, elwin_shoals_entry_rocks, serial_bayou_shore_b,
          serial_bayou_shore_b
Lair:5:   layout_gridlike, slime_dummy, chequers_serial_rivers_large_a,
          bobbens_ice_dragon_lair, serial_bayou_shore_b
Lair:6:   grunt_lair_end_beastmaster, layout_big_grid, lemuel_fruit_fields,
          infiniplex_staircase_pool
Shoals:1: layout_shoals, serial_shops, shop, nicolae_shop_waterfront,
          nicolae_shop_behind_doors
Snake:1:  layout_misc_corridors, minmay_shop_star, grunt_megastairs_2,
          serial_bayou_shore_a
Snake:2:  onia_ninara_swampy_vault, layout_chambers, statue_in_the_mist_lemuel,
          uniq_kirke
Snake:3:  layout_onion, chequers_hall_statues_y
Snake:4:  minmay_snake_end_coiled, layout_cave_pods, serial_bayou_shore_b
Orc:1:    layout_caves, serial_shops, okawaru_metal_pillars_1_2, uniq_maurice
Orc:2:    st_orc_congregation, layout_diamond_mine, serial_shops, shop, shop,
          shop, mines2_david

Notes
Turn   | Place    | Note
-------+----------+-------------------------------------------
     0 | D:1      | lepoulpe303 the Troll Monk began the quest for the Orb.
     0 | D:1      | Reached XP level 1. HP: 22/22 MP: 0/0
    24 | D:1      | Identified a +0 club
   148 | D:1      | Reached XP level 2. HP: 28/29 MP: 1/1
   181 | D:1      | Identified a +0 dagger
   182 | D:1      | Identified a +0 dagger
   577 | D:1      | Identified a +0 short sword
   783 | D:2      | Reached XP level 3. HP: 36/36 MP: 2/2
   825 | D:2      | Identified a cursed -2 club
   856 | D:2      | Reached skill level 1 in Throwing
   886 | D:2      | Reached skill level 3 in Fighting
   926 | D:2      | You fall into a shaft and drop 1 floor!
   941 | D:3      | Reached XP level 4. HP: 45/45 MP: 3/3
   952 | D:3      | Reached skill level 4 in Unarmed Combat
  1081 | D:2      | Reached XP level 5. HP: 53/53 MP: 4/4
  1277 | D:2      | Identified a +0 club
  1783 | D:3      | Identified a +0 dagger
  1817 | D:3      | Identified a +0 dagger
  1817 | D:3      | Identified a +0 leather armour
  1825 | D:3      | Identified a +0 mace
  1825 | D:3      | Identified a +0 scale mail
  1826 | D:3      | Identified a +0 flail
  1826 | D:3      | Identified a +0 falchion
  1833 | D:3      | Reached skill level 3 in Dodging
  2108 | D:4      | Identified a +0 cloak (You found it on level 4 of the
                  | Dungeon)
  2180 | D:4      | Identified a +0 giant spiked club
  2180 | D:4      | Noticed an ogre
  2189 | D:4      | Killed an ogre
  2189 | D:4      | Reached skill level 4 in Fighting
  2189 | D:4      | Reached skill level 2 in Throwing
  2189 | D:4      | Reached XP level 6. HP: 29/62 MP: 5/5
  2247 | D:4      | Identified 4 scrolls of fear
  2248 | D:4      | Identified 2 scrolls of teleportation
  2277 | D:4      | Identified a +0 spear
  2277 | D:4      | Identified a +0 spear
  2277 | D:4      | Identified a +0 club
  2277 | D:4      | Identified a +0 spear
  2301 | D:4      | Reached skill level 5 in Unarmed Combat
  2501 | D:4      | Identified a +0 club
  2501 | D:4      | Identified a +0 shortbow
  2501 | D:4      | Identified a +0 flail
  2502 | D:4      | Identified a +0 rapier
  2502 | D:4      | Identified a cursed +0 leather armour
  2504 | D:4      | Identified a +0 dagger
  2505 | D:4      | Reached XP level 7. HP: 60/71 MP: 6/6
  2763 | D:4      | Identified a +0 rapier
  2763 | D:4      | Identified a +0 leather armour
  2763 | D:4      | Noticed Duvessa
  2879 | D:4      | Identified a +0 dagger
  2879 | D:4      | Identified a +0 robe
  2879 | D:4      | Noticed Dowan
  2903 | D:4      | Killed Duvessa
  2906 | D:4      | Killed Dowan
  2965 | D:5      | Entered Level 5 of the Dungeon
  2965 | D:5      | Identified a +0 club
  2972 | D:5      | Identified a +0 shortbow
  2974 | D:5      | Identified a +0 war axe
  3066 | D:5      | Reached skill level 5 in Fighting
  3066 | D:5      | Reached skill level 3 in Throwing
  3066 | D:5      | Reached skill level 6 in Unarmed Combat
  3141 | D:5      | Found a snail-covered altar of Cheibriados.
  3215 | D:5      | Identified a +0 hand axe
  3226 | D:5      | Reached XP level 8. HP: 70/80 MP: 7/7
  3311 | D:5      | Reached skill level 4 in Dodging
  3390 | D:5      | Identified a +0 giant club
  3560 | D:5      | Noticed Prince Ribbit
  3858 | D:5      | Killed Prince Ribbit
  3903 | D:6      | Noticed a hippogriff
  3919 | D:6      | Killed a hippogriff
  3919 | D:6      | Reached skill level 7 in Unarmed Combat
  3929 | D:6      | Identified a +5 spear
  3929 | D:6      | Identified a +0 robe
  3932 | D:6      | Identified a +0 shortbow
  3933 | D:6      | Identified a +0 dagger
  3933 | D:6      | Identified a +0 robe
  3971 | D:6      | Identified a +0 morningstar
  3971 | D:6      | Identified a +0 robe
  3971 | D:6      | Identified an uncursed ring of fire
  3976 | D:6      | Identified 2 scrolls of magic mapping
  3977 | D:6      | Identified 2 scrolls of remove curse
  3978 | D:6      | Identified a ring of magical power (You found it on level 4
                  | of the Dungeon)
  3979 | D:6      | Identified a ring of wizardry (You found it on level 4 of
                  | the Dungeon)
  3981 | D:6      | Identified a ring of dexterity (You found it on level 4 of
                  | the Dungeon)
  3983 | D:6      | Identified a ring of intelligence (You found it on level 5
                  | of the Dungeon)
  3985 | D:6      | Identified a ring of flight (You found it on level 2 of the
                  | Dungeon)
  4003 | D:5      | Reached skill level 6 in Fighting
  4108 | D:6      | Reached skill level 4 in Throwing
  4296 | D:6      | Identified a +0 flail
  4296 | D:6      | Identified a +0 robe
  4301 | D:6      | Identified a +4 battleaxe
  4301 | D:6      | Identified a +0 robe
  4310 | D:6      | Identified a +4 falchion of freezing
  4310 | D:6      | Identified a +0 robe
  4320 | D:6      | Identified a +3 flail
  4320 | D:6      | Identified a +0 robe
  4324 | D:6      | Reached XP level 9. HP: 80/89 MP: 8/8
  4326 | D:6      | Identified a +0 scimitar
  4326 | D:6      | Identified a cursed +0 robe
  4331 | D:6      | Identified a +4 battleaxe
  4331 | D:6      | Identified a cursed +0 robe
  4331 | D:6      | Identified a +2 long sword of freezing
  4331 | D:6      | Identified a +0 robe
  4452 | D:6      | Identified a +0 short sword
  4454 | D:6      | Found a staircase to the Ecumenical Temple.
  4454 | D:6      | Identified a +0 dagger
  4454 | D:6      | Identified a +0 robe
  4464 | Temple   | Entered the Ecumenical Temple
  4499 | Temple   | Became a worshipper of Qazlal Stormbringer
  4499 | Temple   | Reached * piety under Qazlal
  4499 | Temple   | Reached ** piety under Qazlal
  4736 | D:6      | Identified a +2 dagger of venom
  4736 | D:6      | Identified a +0 robe
  4737 | D:6      | Identified a +0 dagger
  4740 | D:6      | Identified a +0 club
  4740 | D:6      | Identified a +0 scale mail
  4740 | D:6      | Identified a +0 war axe
  4740 | D:6      | Identified a +0 leather armour
  4828 | D:6      | Identified a +0 falchion
  4829 | D:6      | Identified a +0 dagger
  4831 | D:6      | Identified a +0 club
  4834 | D:6      | Identified a +0 club
  4838 | D:6      | Identified a +0 whip
  4838 | D:6      | Identified a +0 leather armour
  5288 | D:7      | Reached skill level 1 in Invocations
  5589 | D:7      | Identified a +0 giant club
  5661 | D:7      | Identified a +0 whip
  5667 | D:7      | Identified a +0 dagger
  5667 | D:7      | Identified a +0 ring mail
  5668 | D:7      | Reached skill level 8 in Unarmed Combat
  5669 | D:7      | Identified a +0 dagger of venom
  5673 | D:7      | Identified a +0 club
  5709 | D:7      | Identified a +0 shortbow
  6124 | D:7      | Found a runed translucent door.
  6125 | D:7      | Identified a +4 quarterstaff of chaos
  6125 | D:7      | Identified a +2 cloak
  6125 | D:7      | Noticed Crazy Yiuf
  6160 | D:7      | Identified a +0 giant spiked club
  6168 | D:7      | Reached skill level 2 in Invocations
  6246 | D:7      | Killed Crazy Yiuf
  6260 | D:7      | Identified 4 scrolls of identify
  6260 | D:7      | Identified 4 potions of brilliance
  6261 | D:7      | Identified 3 potions of curing
  6266 | D:7      | Identified a ring of positive energy (You found it on level
                  | 7 of the Dungeon)
  6371 | D:8      | Found Huasocir's Distillery.
  6385 | D:8      | Identified a +0 giant club
  6385 | D:8      | Identified a +0 giant club
  6385 | D:8      | Noticed a two-headed ogre
  6395 | D:8      | HP: 15/92 [two-headed ogre/+0 giant club (18)]
  6398 | D:8      | Killed a two-headed ogre
  6398 | D:8      | Reached skill level 7 in Fighting
  6398 | D:8      | Reached skill level 5 in Dodging
  6398 | D:8      | Reached skill level 3 in Invocations
  6400 | D:8      | Bought 2 potions of might for 88 gold pieces
  6411 | D:8      | Identified a +0 giant spiked club
  6458 | D:8      | Identified a +0 giant spiked club
  6657 | D:8      | Identified a +3 scimitar of flaming
  6657 | D:8      | Identified a +0 robe
  6657 | D:8      | Noticed Erica
  6664 | D:8      | Killed Erica
  6664 | D:8      | Reached skill level 5 in Throwing
  6664 | D:8      | Reached XP level 10. HP: 64/102 MP: 11/11
  6678 | D:8      | Found a sand-covered staircase.
  6687 | Ossuary  | Entered an ossuary
  6787 | Ossuary  | Reached *** piety under Qazlal
  6983 | Ossuary  | Identified 4 potions of degeneration
  7301 | D:8      | Reached skill level 9 in Unarmed Combat
  7310 | D:8      | Found a burning altar of Makhleb.
  7310 | D:8      | Noticed a green death
  7430 | D:9      | Reached skill level 4 in Invocations
  7607 | D:9      | Found a staircase to the Orcish Mines.
  7764 | D:9      | Identified a +0 dagger
  7764 | D:9      | Identified a +0 robe
  7764 | D:9      | Identified a +0 club
  7764 | D:9      | Identified a +0 dagger
  7764 | D:9      | Identified a +0 robe
  7764 | D:9      | Identified an uncursed amulet of magic regeneration
  8037 | D:9      | Found Qaysmuos's Assorted Antiques.
  8041 | D:9      | Bought a scroll of identify for 40 gold pieces
  8041 | D:9      | Identified 2 potions of resistance
  8042 | D:9      | Identified 3 potions of lignification
  8043 | D:9      | Identified a potion of cancellation
  8044 | D:9      | Identified 2 potions of flight
  8045 | D:9      | Identified 4 potions of ambrosia
  8046 | D:9      | Identified 2 potions of agility
  8047 | D:9      | Identified a potion of mutation
  8048 | D:9      | Identified 5 scrolls of immolation
  8049 | D:9      | Identified 3 scrolls of random uselessness
  8052 | D:9      | Identified 3 scrolls of amnesia
  8121 | Orc:1    | Entered Level 1 of the Orcish Mines
  8121 | Orc:1    | Identified a +0 giant spiked club
  8121 | Orc:1    | Identified a +0 giant club
  8121 | Orc:1    | Identified a +0 whip
  8121 | Orc:1    | Identified a +0 ring mail
  8121 | Orc:1    | Identified a +0 dagger
  8121 | Orc:1    | Identified a +0 leather armour
  8121 | Orc:1    | Identified a +0 flail
  8184 | Orc:1    | Identified a +0 dagger
  8184 | Orc:1    | Identified a +2 cloak of poison resistance
  8184 | Orc:1    | Noticed Maurice
  8231 | Orc:1    | Killed Maurice
  8403 | Orc:1    | Found an iron altar of Okawaru.
  8586 | Orc:2    | Entered Level 2 of the Orcish Mines
  8586 | Orc:2    | Identified a +0 giant club
  8597 | Orc:2    | Found Zungek's Distillery.
  8604 | Orc:2    | Identified a +0 short sword
  8604 | Orc:2    | Identified a +0 scale mail
  8605 | Orc:2    | Identified a +0 great mace
  8605 | Orc:2    | Identified a +0 plate armour
  8605 | Orc:2    | Noticed an orc knight
  8610 | Orc:2    | Identified a +0 club
  8628 | Orc:1    | Killed an orc knight
  8628 | Orc:1    | Reached skill level 8 in Fighting
  8628 | Orc:1    | Reached skill level 5 in Invocations
  8898 | Orc:2    | Bought a potion of invisibility for 112 gold pieces
  8898 | Orc:2    | Bought a potion of heal wounds for 70 gold pieces
  8898 | Orc:2    | Bought a potion of heal wounds for 70 gold pieces
  8956 | Orc:2    | Identified a +0 vampiric glaive
  8956 | Orc:2    | Identified a +0 chain mail
  8956 | Orc:2    | Identified a +0 dagger
  8956 | Orc:2    | Identified a +0 robe
  8978 | Orc:2    | Noticed a cyclops
  8991 | Orc:2    | Killed a cyclops
  9024 | Orc:2    | Found Qelufoti's Book Emporium.
  9058 | Orc:2    | Identified a +0 hand axe
  9065 | Orc:2    | Identified a +0 dagger
  9065 | Orc:2    | Identified a +0 robe
  9065 | Orc:2    | Identified a +0 dagger
  9065 | Orc:2    | Identified a +0 robe
  9067 | Orc:2    | Reached XP level 11. HP: 111/111 MP: 14/14
  9067 | Orc:2    | Identified a +0 short sword
  9067 | Orc:2    | Identified a +0 scale mail
  9078 | Orc:2    | Identified a +0 war axe
  9084 | Orc:2    | Reached **** piety under Qazlal
  9092 | Orc:2    | Identified a +0 trident
  9092 | Orc:2    | Identified a +0 plate armour
  9141 | Orc:2    | Found a roughly hewn altar of Beogh.
  9149 | Orc:2    | Identified a +0 hand axe
  9185 | Orc:2    | Identified a +0 giant spiked club
  9205 | Orc:2    | Identified a +0 trident
  9205 | Orc:2    | Identified a +0 chain mail
  9207 | Orc:2    | Identified a cursed -2 mace
  9213 | Orc:2    | Identified a +0 trident
  9214 | Orc:2    | Identified a +0 mace
  9214 | Orc:2    | Identified a +0 ring mail
  9320 | Orc:2    | Identified a +0 club
  9321 | Orc:2    | Identified a +0 mace
  9321 | Orc:2    | Identified a +0 chain mail
  9322 | Orc:2    | Found a staircase to the Elven Halls.
  9369 | Orc:2    | Found Sezxeov's Antique Armour Shoppe.
  9480 | Orc:2    | Identified a +0 dagger
  9480 | Orc:2    | Identified a +0 robe
  9483 | Orc:2    | Identified a +0 dagger
  9483 | Orc:2    | Identified a +0 robe
  9483 | Orc:2    | Identified a +0 dagger
  9483 | Orc:2    | Identified a +0 robe
  9484 | Orc:2    | Identified a +0 flail
  9484 | Orc:2    | Identified a +0 dagger
  9484 | Orc:2    | Identified a +0 robe
  9579 | Orc:2    | Identified a +0 short sword
  9579 | Orc:2    | Identified a +0 chain mail
  9579 | Orc:2    | Identified a +0 dagger
  9579 | Orc:2    | Identified a +0 scale mail
  9581 | Orc:2    | Identified a +0 trident
  9582 | Orc:2    | Identified a +0 flail
  9582 | Orc:2    | Identified a cursed -2 scale mail
  9585 | Orc:2    | Identified a +0 hand axe
  9585 | Orc:2    | Identified a +0 dagger
  9585 | Orc:2    | Identified a +0 war axe
  9585 | Orc:2    | Identified a +0 plate armour
  9585 | Orc:2    | Noticed an orc knight
  9633 | Orc:2    | Identified a +0 dire flail
  9633 | Orc:2    | Identified a +0 plate armour
  9642 | Orc:1    | Killed an orc knight
  9642 | Orc:1    | Reached skill level 6 in Dodging
  9642 | Orc:1    | Reached skill level 10 in Unarmed Combat
  9704 | Orc:2    | Identified a cursed +0 dagger
  9704 | Orc:2    | Identified a +0 robe
  9704 | Orc:2    | Noticed an orc sorcerer
  9720 | Orc:2    | Identified a +0 glaive
  9720 | Orc:2    | Identified a +0 chain mail
  9726 | Orc:2    | Killed an orc sorcerer
  9729 | Orc:2    | HP: 25/113 [orc warrior/+0 glaive (12)]
  9731 | Orc:2    | HP: 6/113 [orc warrior/+0 glaive (20)]
  9736 | Orc:2    | Identified a +0 dire flail
  9736 | Orc:2    | Identified a +0 chain mail
 10048 | Orc:2    | Identified a +0 chain mail
 10059 | Orc:2    | Identified a +0 glaive
 10059 | Orc:2    | Identified a +0 plate armour
 10060 | Orc:2    | Identified a +0 dagger
 10060 | Orc:2    | Identified a +0 robe
 10060 | Orc:2    | Identified a +0 dagger
 10060 | Orc:2    | Identified a +0 robe
 10061 | Orc:2    | Identified a +0 hand axe
 10061 | Orc:2    | Identified a +0 long sword
 10061 | Orc:2    | Identified a +0 chain mail
 10061 | Orc:2    | Noticed an orc knight
 10106 | Orc:2    | Killed an orc knight
 10106 | Orc:2    | Reached skill level 6 in Throwing
 10106 | Orc:2    | Reached skill level 6 in Invocations
 10173 | Orc:2    | Identified a +0 dagger
 10173 | Orc:2    | Identified a +0 robe
 10180 | Orc:2    | Identified a +0 dagger
 10180 | Orc:2    | Identified a +0 robe
 10182 | Orc:2    | Identified a cursed -2 scimitar
 10182 | Orc:2    | Identified a +0 plate armour
 10193 | Orc:2    | Identified a +2 halberd of venom
 10193 | Orc:2    | Identified a +0 plate armour
 10261 | Orc:2    | Identified a +0 dagger
 10261 | Orc:2    | Identified a +0 robe
 10261 | Orc:2    | Noticed an orc sorcerer
 10270 | Orc:2    | Killed an orc sorcerer
 10283 | Orc:2    | Identified a +0 war axe
 10287 | Orc:2    | Identified a +0 dagger
 10287 | Orc:2    | Identified a +0 robe
 10288 | Orc:2    | Identified a +0 dagger
 10288 | Orc:2    | Identified a +0 dagger
 10288 | Orc:2    | Identified a +0 robe
 10291 | Orc:2    | Identified a +0 club
 10301 | Orc:2    | Identified a +0 war axe
 10301 | Orc:2    | Identified a +1 vampiric long sword
 10301 | Orc:2    | Identified a +0 chain mail
 10307 | Orc:2    | Identified a +0 battleaxe
 10307 | Orc:2    | Noticed an orc high priest
 10320 | Orc:2    | Killed an orc high priest
 10325 | Orc:2    | Identified a +1 dagger of holy wrath
 10325 | Orc:2    | Identified a +0 robe
 10326 | Orc:2    | Identified a +0 dagger
 10326 | Orc:2    | Identified a +0 robe
 10328 | Orc:2    | Identified a +0 short sword
 10328 | Orc:2    | Identified a +0 leather armour
 10334 | Orc:2    | Identified a +0 dagger
 10334 | Orc:2    | Identified a +0 robe
 10336 | Orc:2    | Identified a +0 great sword
 10336 | Orc:2    | Identified a +0 arbalest
 10336 | Orc:2    | Identified a +0 plate armour
 10336 | Orc:2    | Noticed an orc warlord
 10337 | Orc:2    | Identified a +0 trident
 10337 | Orc:2    | Identified a +0 leather armour
 10337 | Orc:2    | Noticed an orc high priest
 10339 | Orc:2    | Identified a +1 hand axe of freezing
 10339 | Orc:2    | Identified a +0 leather armour
 10347 | Orc:2    | Identified a +0 whip
 10347 | Orc:2    | Identified a +0 dagger
 10347 | Orc:2    | Identified a +0 robe
 10349 | Orc:2    | Identified a +0 leather armour
 10351 | Orc:2    | Identified a +0 war axe
 10351 | Orc:2    | Identified a +0 chain mail
 10351 | Orc:2    | Noticed an orc knight
 10352 | Orc:2    | Noticed a soul eater
 10354 | Orc:2    | HP: 21/113 [orc high priest/divine providence (11)]
 10537 | Orc:2    | Killed an orc knight
 10544 | Orc:2    | Identified a +0 trident
 10550 | Orc:2    | Killed an orc high priest
 10550 | Orc:2    | Reached skill level 9 in Fighting
 10689 | Orc:2    | Killed an orc warlord
 10746 | Orc:2    | Identified a +0 short sword
 10746 | Orc:2    | Identified a +0 chain mail
 10748 | Orc:2    | Identified a cursed -2 dagger
 10748 | Orc:2    | Identified a cursed +0 robe
 10749 | Orc:2    | Identified a +0 flail
 10752 | Orc:2    | Identified a +0 flail
 10752 | Orc:2    | Identified a +0 long sword
 10752 | Orc:2    | Identified a +0 leather armour
 10752 | Orc:2    | Noticed an orc high priest
 10755 | Orc:2    | Noticed a soul eater
 10758 | Orc:2    | Identified a +0 dagger
 10758 | Orc:2    | Identified a cursed +0 robe
 10766 | Orc:2    | Identified a cursed -3 dagger
 10766 | Orc:2    | Identified a +0 leather armour
 10766 | Orc:2    | Identified a +0 short sword
 10766 | Orc:2    | Identified a +0 leather armour
 10767 | Orc:2    | Identified a +0 hand axe
 10856 | Orc:2    | Identified a +0 scimitar
 10856 | Orc:2    | Identified a +0 chain mail
 10859 | Orc:2    | Noticed a sun demon
 10877 | Orc:2    | HP: 24/115 [sun demon[an orc high priest] (17)]
 10877 | Orc:2    | HP: 6/115 [sun demon[an orc high priest] (17)]
 11111 | Orc:2    | Identified a cursed +0 trident
 11111 | Orc:2    | Killed an orc high priest
 11111 | Orc:2    | Reached skill level 7 in Invocations
 11144 | Orc:2    | Identified a +0 hand axe
 11144 | Orc:2    | Identified a cursed +0 chain mail
 11149 | Orc:2    | Identified a +0 dagger
 11149 | Orc:2    | Identified a +0 robe
 11150 | Orc:2    | Identified a +0 short sword
 11150 | Orc:2    | Identified a +0 plate armour
 11151 | Orc:2    | Identified a +0 dagger
 11151 | Orc:2    | Identified a +0 robe
 11158 | Orc:2    | Identified a +0 hand axe
 11161 | Orc:2    | Identified a +0 whip
 11161 | Orc:2    | Identified a +0 scale mail
 11193 | Orc:2    | Identified a +0 club
 11198 | Orc:2    | Identified a +0 short sword
 11198 | Orc:2    | Identified a +0 plate armour
 11205 | Orc:2    | Identified a +0 falchion
 11205 | Orc:2    | Identified a +0 leather armour
 11211 | Orc:2    | Identified a +0 flail
 11211 | Orc:2    | Identified a +0 leather armour
 11213 | Orc:2    | Identified a +0 broad axe
 11213 | Orc:2    | Identified a +0 plate armour
 11216 | Orc:2    | Identified a +0 dagger
 11216 | Orc:2    | Identified a +0 scale mail
 11216 | Orc:2    | Identified a +0 dagger
 11216 | Orc:2    | Identified a +0 robe
 11218 | Orc:2    | Identified a +0 dagger
 11218 | Orc:2    | Identified a +0 robe
 11218 | Orc:2    | Noticed an orc sorcerer
 11223 | Orc:2    | Reached XP level 12. HP: 109/123 MP: 16/16
 11224 | Orc:2    | Identified a +2 vampiric long sword
 11224 | Orc:2    | Identified a +0 plate armour
 11231 | Orc:2    | Identified a +4 scale mail
 11231 | Orc:2    | Identified a +1 scimitar of electrocution
 11231 | Orc:2    | Identified a +0 leather armour
 11231 | Orc:2    | Noticed an orc high priest
 11233 | Orc:2    | Reached skill level 11 in Unarmed Combat
 11238 | Orc:2    | Killed an orc high priest
 11238 | Orc:2    | Identified a +0 club
 11260 | Orc:2    | Identified a +0 whip
 11293 | Orc:2    | Identified a +0 dire flail
 11293 | Orc:2    | Identified a +0 plate armour
 11298 | Orc:2    | Identified a +1 glaive of chopping
 11298 | Orc:2    | Identified a +0 plate armour
 11360 | Orc:2    | Identified a +0 scimitar
 11360 | Orc:2    | Identified a cursed +0 plate armour
 11577 | Orc:2    | Found Moips's Antique Armour Shoppe.
 11578 | Orc:2    | Found Orys's Antique Weapon Emporium.
 11579 | Orc:2    | Found Dalil's General Store.
 11579 | Orc:2    | Found Nyesusuj's Book Shoppe.
 11593 | Orc:2    | Bought an embroidered robe for 103 gold pieces
 11604 | Orc:2    | Identified a +2 robe of magic resistance (You bought it in
                  | a shop on level 2 of the Orcish Mines)
 11733 | D:10     | Entered Level 10 of the Dungeon
 11758 | D:10     | Identified a +0 whip
 11762 | D:10     | Identified a +0 dagger
 11762 | D:10     | Identified a +0 dagger
 11762 | D:10     | Identified a cursed -3 club
 11763 | D:10     | Identified a +0 club
 11763 | D:10     | Identified a +0 short sword
 11764 | D:10     | Identified a +0 short sword
 11836 | D:10     | Identified a +6 great mace
 11836 | D:10     | Identified a +0 scale mail of fire resistance
 11836 | D:10     | Noticed Urug
 11853 | D:10     | Killed Urug
 11864 | D:10     | Reached ***** piety under Qazlal
 11964 | D:10     | Identified a +5 dire flail of draining
 11964 | D:10     | Identified a +0 ring mail
 11964 | D:10     | Noticed Harold
 11971 | D:10     | Killed Harold
 12079 | D:10     | Identified a +0 giant club
 12079 | D:10     | Identified a +0 giant spiked club
 12079 | D:10     | Noticed a two-headed ogre
 12085 | D:10     | Killed a two-headed ogre
 12085 | D:10     | Reached skill level 7 in Throwing
 12122 | D:10     | Found a runed translucent door.
 12125 | D:10     | Noticed Nebesus's ghost (journeyman MiFi)
 12194 | D:10     | Identified a +0 short sword of distortion
 12194 | D:10     | Identified a +0 shield
 12194 | D:10     | Noticed Sonja
 12226 | D:10     | Killed Sonja
 12226 | D:10     | Reached skill level 7 in Dodging
 12226 | D:10     | Reached skill level 8 in Invocations
 12372 | D:10     | Identified a +0 rapier
 12372 | D:10     | Identified an uncursed ring of poison resistance
 12375 | D:10     | Identified the cursed +0 trident of Fortitude {vamp, Str+4
                  | Int+3 Dex+4}
 12489 | D:10     | Identified a +0 whip
 12490 | D:10     | Identified a +0 halberd
 12616 | D:10     | Found a blossoming altar of Fedhas.
 12729 | D:11     | Identified a +0 scimitar
 12729 | D:11     | Identified a +0 chain mail
 12840 | D:11     | Identified a +0 falchion
 12840 | D:11     | Identified a +0 leather armour
 12840 | D:11     | Identified a +0 dagger
 12840 | D:11     | Identified a +0 ring mail
 12840 | D:11     | Identified a +0 flail
 12840 | D:11     | Identified a +1 falchion of holy wrath
 12841 | D:11     | Identified a +6 giant spiked club
 12841 | D:11     | Identified a +0 robe
 12841 | D:11     | Noticed Erolcha
 12891 | D:11     | Identified a +0 hand axe
 12891 | D:11     | Identified a +0 giant club
 12891 | D:11     | Identified a +0 club
 12891 | D:11     | Identified a +0 chain mail
 12892 | D:11     | Identified a +0 morningstar
 12892 | D:11     | Identified a +0 leather armour
 12914 | D:10     | Killed Erolcha
 12954 | D:11     | Identified a +0 dagger
 12958 | D:11     | Identified a +0 dagger
 12958 | D:11     | Identified a +0 robe
 12960 | D:11     | Identified a +0 morningstar
 12965 | D:11     | Identified a +0 mace
 12972 | D:11     | Reached skill level 10 in Fighting
 12991 | D:11     | Identified a cursed +0 dagger
 12991 | D:11     | Identified a +0 robe
 13102 | D:10     | HP: 29/126 [basilisk (11)]
 13637 | D:11     | Found a staircase to the Lair.
 13677 | D:11     | Found a burning altar of Makhleb.
 13800 | Lair:1   | Entered Level 1 of the Lair of Beasts
 13853 | Lair:1   | Found the +8 mithril axe "Arga" {speed, MR+}
 14215 | Lair:1   | Noticed a thorn hunter
 14215 | Lair:1   | an oklob plant changed into a thorn hunter
 14229 | Lair:1   | HP: 30/126 [thorn hunter (14)]
 14235 | Lair:1   | HP: 8/126 [thorn hunter (19)]
 14616 | Lair:1   | Killed a thorn hunter
 14616 | Lair:1   | Reached skill level 12 in Unarmed Combat
 14616 | Lair:1   | Reached XP level 13. HP: 58/133 MP: 18/18
 14806 | Lair:1   | Identified a ring of see invisible (You found it on level 1
                  | of the Lair of Beasts)
 14808 | Lair:1   | Identified a ring of protection from cold (You found it on
                  | level 1 of the Lair of Beasts)
 15410 | Lair:1   | Reached skill level 9 in Invocations
 16125 | Lair:2   | Reached skill level 1 in Evocations
 16950 | Lair:3   | Reached ****** piety under Qazlal
 16959 | Lair:3   | Reached skill level 8 in Throwing
 17009 | Lair:3   | Found a staircase to the Snake Pit.
 17128 | Lair:3   | Reached skill level 2 in Evocations
 18008 | Lair:4   | Reached skill level 11 in Fighting
 18187 | Lair:4   | Found a staircase to the Shoals.
 18623 | Lair:4   | Reached skill level 8 in Dodging
 18831 | Lair:5   | Reached XP level 14. HP: 124/146 MP: 20/20
 18846 | Lair:5   | Reached skill level 10 in Invocations
 19123 | Lair:5   | Reached skill level 13 in Unarmed Combat
 19138 | Lair:5   | Identified +0 ice dragon scales
 19183 | Lair:5   | Identified 4 scrolls of fog
 19184 | Lair:5   | Identified 2 scrolls of blinking
 19185 | Lair:5   | Identified 2 scrolls of noise
 19524 | Lair:5   | Found a staircase to the Slime Pits.
 20207 | Lair:6   | Entered Level 6 of the Lair of Beasts
 20526 | Lair:5   | Reached skill level 1 in Armour
 20631 | Lair:6   | Reached skill level 3 in Evocations
 21160 | Lair:6   | Reached skill level 2 in Armour
 22004 | Lair:6   | Reached XP level 15. HP: 100/156 MP: 22/22
 22013 | Lair:6   | Identified a +0 troll leather armour
 22018 | Lair:6   | Identified 2 scrolls of enchant weapon
 22128 | Lair:6   | Identified a scroll of enchant armour
 22148 | Lair:6   | Reached skill level 9 in Throwing
 22248 | Lair:6   | Reached skill level 11 in Invocations
 22271 | Lair:6   | Identified an amulet of rage (You found it on level 6 of
                  | the Lair of Beasts)
 22438 | D:12     | Identified a cursed -2 trident
 22438 | D:12     | Identified a +0 scale mail
 22446 | D:12     | Identified a +0 dagger
 22446 | D:12     | Identified a +2 robe of cold resistance
 22446 | D:12     | Noticed Nergalle
 22459 | D:12     | Killed Nergalle
 22599 | D:12     | Identified a +0 shortbow
 22601 | D:12     | Identified a +0 shortbow
 22605 | D:12     | Identified a +0 giant club
 22605 | D:12     | Identified a +0 giant club
 22607 | D:12     | Identified a cursed -3 shortbow
 22608 | D:12     | Identified a +0 shortbow
 22620 | D:12     | Identified a +0 shortbow
 22696 | D:12     | Identified a +1 hat (You found it on level 12 of the
                  | Dungeon)
 22731 | D:12     | Identified a +0 shortbow
 22789 | D:12     | Identified a +0 morningstar
 22791 | D:12     | Identified a +0 dagger
 22791 | D:12     | Identified an uncursed ring of protection from magic
 22793 | D:12     | Identified a +0 leather armour
 22795 | D:12     | Identified a cursed +0 leather armour
 22795 | D:12     | Identified a +0 hand axe
 22795 | D:12     | Identified a +0 scale mail
 23187 | D:13     | Identified a +0 shortbow
 23192 | D:13     | Reached skill level 12 in Fighting
 23222 | D:13     | Reached skill level 3 in Armour
 23222 | D:13     | Reached skill level 4 in Evocations
 23268 | D:13     | Identified a +0 dagger
 23268 | D:13     | Identified a +0 robe
 23276 | D:13     | Identified a +0 shortbow
 23278 | D:13     | Identified a +0 flail
 23279 | D:13     | Reached skill level 14 in Unarmed Combat
 23397 | D:13     | Identified a cursed -2 club
 23412 | D:13     | Identified a +0 longbow
 23412 | D:13     | Identified a +0 bardiche
 23412 | D:13     | Identified a +0 chain mail
 23413 | D:13     | Identified a +0 giant club
 23414 | D:13     | Identified a +0 giant club
 23414 | D:13     | Identified a +0 giant club
 23431 | D:13     | Identified a +0 battleaxe
 23431 | D:13     | Identified a +0 chain mail
 23433 | D:13     | Identified a +0 war axe
 23433 | D:13     | Identified a +0 chain mail
 23455 | D:13     | HP: 33/156 [white ugly thing (9)]
 23608 | D:13     | Identified a +0 great mace
 23608 | D:13     | Identified a +0 chain mail
 23633 | D:13     | Found a gate to the Vaults.
 23703 | D:13     | Identified a +0 flail
 24029 | D:14     | Identified a +3 longbow
 24112 | D:14     | Identified a +0 scimitar
 24112 | D:14     | Identified a +0 chain mail
 24112 | D:14     | Identified a +0 dagger
 24112 | D:14     | Identified a +0 robe
 24112 | D:14     | Identified a +0 dagger
 24112 | D:14     | Identified a cursed +0 robe
 24112 | D:14     | Identified a +0 mace
 24122 | D:14     | Identified a +0 shortbow
 24126 | D:14     | Identified a +0 long sword
 24132 | D:14     | Identified a +0 shortbow
 24136 | D:14     | Identified a +0 shortbow
 24137 | D:14     | Identified a +0 shortbow
 24140 | D:14     | Identified a +0 shortbow
 24227 | D:14     | Identified a +0 flail
 24229 | D:14     | Identified +0 acid dragon scales
 24229 | D:14     | Identified a +0 scimitar
 24229 | D:14     | Identified a +0 plate armour
 24231 | D:14     | Reached skill level 9 in Dodging
 24233 | D:14     | Identified a +0 leather armour
 24236 | D:14     | Identified a +0 dagger
 24236 | D:14     | Identified a +0 leather armour
 24243 | D:14     | Identified a +0 morningstar
 24243 | D:14     | Identified a cursed +0 robe
 24245 | D:14     | Identified a +0 mace
 24266 | D:14     | Noticed Snorg
 24275 | D:14     | Killed Snorg
 24321 | D:14     | Identified a +0 short sword
 24337 | D:14     | Identified a cursed +0 war axe
 24337 | D:14     | Identified a cursed +0 ring mail
 24337 | D:14     | Identified a +0 buckler
 24352 | D:14     | Identified a +0 dire flail of protection
 24352 | D:14     | Identified a cursed +0 plate armour
 24355 | D:14     | Identified a +0 war axe
 24355 | D:14     | Identified a +4 battleaxe
 24357 | D:14     | Identified a +0 dire flail
 24359 | D:14     | Identified a cursed -3 halberd
 24359 | D:14     | Identified a +2 war axe of flaming
 24711 | D:14     | Identified a +0 leather armour
 24887 | D:14     | Identified an amulet of faith (You found it on level 13 of
                  | the Dungeon)
 24888 | D:14     | Identified a scroll of brand weapon
 24889 | D:14     | Identified a scroll of holy word
 24914 | D:14     | You fall into a shaft and drop 1 floor!
 24914 | D:15     | Entered Level 15 of the Dungeon
 24914 | D:15     | Identified a +0 shortbow
 24927 | D:15     | Identified a +0 mace
 24927 | D:15     | Identified a cursed -1 leather armour
 25009 | D:14     | Identified a +0 buckler
 25334 | D:15     | Identified a +1 hand axe of chopping
 25334 | D:15     | Identified a cursed +0 ring mail
 25335 | D:15     | Identified a +0 flail
 25335 | D:15     | Identified a +0 leather armour
 25338 | D:15     | Identified a +0 war axe
 25339 | D:15     | Identified the cursed +0 war axe of Hell's Wrath {drain,
                  | +Rage Int+2}
 25339 | D:15     | Identified a +0 chain mail
 25375 | D:15     | Found Uczauth's Jewellery Shoppe.
 25384 | D:15     | Identified a +0 great sword
 25384 | D:15     | Identified a +0 leather armour
 25385 | D:15     | Identified a cursed -3 battleaxe
 25385 | D:15     | Identified a +0 hunting sling
 25385 | D:15     | Identified a +0 ring mail
 25386 | D:15     | Reached XP level 16. HP: 167/167 MP: 23/23
 25387 | D:15     | Identified a +1 antimagic bardiche
 25387 | D:15     | Identified a +0 chain mail
 25392 | D:15     | Reached skill level 4 in Armour
 25397 | D:15     | Identified a +0 scimitar
 25397 | D:15     | Identified a +0 chain mail
 25407 | D:15     | Identified a +0 whip
 25407 | D:15     | Identified a +0 leather armour
 25409 | D:15     | Identified a +1 hand axe of flaming
 25410 | D:15     | Identified a +0 shortbow
 25417 | D:15     | Identified a +0 shortbow
 25426 | D:15     | Identified a +0 rapier
 25426 | D:15     | Identified a +0 shortbow
 26033 | D:15     | Identified a +0 flail
 26036 | D:15     | Identified a +0 buckler
 26107 | D:15     | Reached skill level 12 in Invocations
 26131 | D:15     | Found a staircase to the Depths.
 26363 | Snake:1  | Entered Level 1 of the Snake Pit
 26369 | Snake:1  | Identified a +0 trident
 26369 | Snake:1  | Identified a +0 dire flail
 26390 | Snake:1  | Identified a +4 scimitar of venom
 26390 | Snake:1  | Identified a +0 robe
 26390 | Snake:1  | Identified a +0 scimitar of holy wrath
 26498 | Snake:1  | Identified a +2 trident of piercing
 26498 | Snake:1  | Identified a +0 robe
 26504 | Snake:1  | Identified a +0 scimitar
 26506 | Snake:1  | Identified a +0 dire flail
 26507 | Snake:1  | Identified a +0 scimitar
 26617 | Snake:1  | Identified a cursed -3 trident
 26650 | Snake:1  | Identified a +0 long sword
 26673 | Snake:1  | Identified a cursed +0 trident
 26689 | Snake:1  | Identified a +0 war axe
 26689 | Snake:1  | Identified a +0 robe
 26695 | Snake:1  | Identified a +0 falchion
 26695 | Snake:1  | Identified a +1 shortbow of flaming
 26697 | Snake:1  | Identified a +0 long sword
 26697 | Snake:1  | Identified a +0 shield
 26700 | Snake:1  | Identified a +0 mace
 26700 | Snake:1  | Identified a +0 robe
 26704 | Snake:1  | Identified a +5 battleaxe
 26719 | Snake:1  | Identified a +0 trident
 26731 | Snake:1  | Reached skill level 5 in Evocations
 26750 | Snake:1  | Identified a +1 dagger of venom
 26750 | Snake:1  | Identified a +0 robe
 26887 | Snake:1  | Identified a +0 glaive of freezing
 26887 | Snake:1  | Identified a +0 mace
 26968 | Snake:1  | Identified a +3 shortbow of flaming
 27008 | Snake:1  | Identified a +0 long sword
 27008 | Snake:1  | Identified a +0 large shield
 27011 | Snake:1  | Identified a +0 glaive of chopping
 27024 | Snake:1  | Identified a +0 glaive
 27094 | Snake:1  | Identified a +0 dire flail
 27111 | Snake:1  | Found Wasude Edik's Book Shop.
 27452 | Snake:1  | Identified a +0 trident
 27791 | Snake:2  | Identified a +0 short sword
 27791 | Snake:2  | Identified a +0 shortbow
 27791 | Snake:2  | Identified a +0 long sword
 27791 | Snake:2  | Identified a +0 mace
 27792 | Snake:2  | Identified a +0 hand axe
 27792 | Snake:2  | Identified a +0 robe
 27885 | Snake:2  | Identified a +0 battleaxe
 27885 | Snake:2  | Identified a +0 robe
 27903 | Snake:1  | Reached skill level 15 in Unarmed Combat
 27951 | Snake:2  | Noticed Kirke
 27956 | Snake:2  | Noticed a sphinx
 27961 | Snake:2  | Killed Kirke
 27988 | Snake:2  | Identified a +0 mace
 27988 | Snake:2  | Identified a +0 shortbow
 27988 | Snake:2  | Identified a +0 robe
 28232 | Snake:2  | Reached skill level 10 in Throwing
 28349 | Snake:2  | Identified a +0 club
 28352 | Snake:2  | Identified a +0 shortbow of flaming
 28354 | Snake:2  | Identified a +0 mace
 28354 | Snake:2  | Identified a +0 longbow
 28358 | Snake:2  | Identified a +0 glaive
 28358 | Snake:2  | Identified a +0 robe
 28363 | Snake:2  | Identified a +0 long sword
 28377 | Snake:2  | Reached skill level 13 in Fighting
 28488 | Snake:2  | Identified a +0 halberd
 28500 | Snake:2  | Identified a +0 trident
 28500 | Snake:2  | Identified a +0 robe
 28511 | Snake:2  | Identified a +0 halberd
 28537 | Snake:2  | Identified a +0 short sword
 28537 | Snake:2  | Identified a +0 arbalest
 28681 | Snake:2  | Identified a +0 mace
 28681 | Snake:2  | Identified a +0 robe
 28681 | Snake:2  | Identified a +0 dagger of venom
 28681 | Snake:2  | Identified a +0 robe
 29018 | Snake:2  | Identified a +0 spear
 29018 | Snake:2  | Identified a +0 robe
 29024 | Snake:2  | Reached skill level 5 in Armour
 29617 | Snake:2  | Identified a scroll of torment
 29739 | Snake:3  | Identified a +0 spear
 29739 | Snake:3  | Identified a +0 robe
 29830 | Snake:3  | Found the +8 storm bow {elec, penet}
 29892 | Snake:3  | Identified a +0 halberd
 29955 | Snake:3  | Identified a +2 vampiric trident
 29955 | Snake:3  | Identified a +0 robe
 29971 | Snake:3  | Identified a +2 battleaxe of freezing
 29971 | Snake:3  | Identified a +0 robe
 29973 | Snake:3  | Identified a +0 halberd
 29974 | Snake:3  | Identified a +0 hand axe of draining
 29974 | Snake:3  | Identified a +0 robe
 29976 | Snake:3  | Identified a +0 whip
 30123 | Snake:3  | Identified a +2 short sword of venom
 30125 | Snake:3  | Identified a +0 dire flail
 30125 | Snake:3  | Identified a -3 arbalest
 30128 | Snake:3  | Identified a +0 scimitar
 30128 | Snake:3  | Identified a +0 arbalest
 30130 | Snake:3  | Reached XP level 17. HP: 146/176 MP: 25/25
 30564 | Snake:4  | Entered Level 4 of the Snake Pit
 30611 | Snake:4  | Identified a +0 mace
 30611 | Snake:4  | Identified a cursed -2 robe
 30621 | Snake:4  | Identified a +0 trident
 30621 | Snake:4  | Identified a +3 shortbow
 30621 | Snake:4  | Identified a +0 robe
 30630 | Snake:4  | Identified a +0 dire flail
 30632 | Snake:4  | Identified a +3 trident
 30640 | Snake:4  | Identified a +2 war axe of draining
 30640 | Snake:4  | Identified a +0 arbalest
 30642 | Snake:4  | Identified a +0 flail
 30643 | Snake:4  | Identified a +2 dire flail of holy wrath
 30660 | Snake:4  | Identified a +0 battleaxe
 30686 | Snake:4  | Identified a +0 halberd
 30686 | Snake:4  | Identified a +0 robe
 30695 | Snake:4  | Identified a +0 long sword
 30695 | Snake:4  | Identified a +0 arbalest
 30701 | Snake:4  | Identified a +0 battleaxe
 30705 | Snake:4  | Identified a +0 war axe
 30772 | Snake:4  | Identified a +0 short sword
 30772 | Snake:4  | Identified a cursed -2 robe
 30787 | Snake:4  | Identified a +0 scimitar of distortion
 30789 | Snake:4  | Identified a +0 halberd
 30789 | Snake:4  | Identified a +0 robe
 30789 | Snake:4  | Identified a +0 war axe
 30789 | Snake:4  | Identified a +0 arbalest
 30789 | Snake:4  | Identified a +0 robe
 30791 | Snake:4  | Identified a +0 battleaxe
 30792 | Snake:4  | Identified a +0 short sword
 30795 | Snake:4  | Identified a +0 dire flail
 30796 | Snake:4  | Identified a +0 morningstar
 30796 | Snake:4  | Identified a +0 large shield
 30798 | Snake:4  | Identified a +0 spear
 30798 | Snake:4  | Identified a +0 naga barding
 30801 | Snake:4  | Identified a +0 flail
 30801 | Snake:4  | Identified a cursed +0 robe
 30803 | Snake:4  | Identified a +0 glaive
 30803 | Snake:4  | Identified a +0 robe
 30804 | Snake:4  | Identified a +0 trident
 30809 | Snake:4  | HP: 36/178 [naga sharpshooter/bolt (17)]
 30895 | Snake:4  | Identified a +0 war axe
 30927 | Snake:4  | Identified a +2 long sword of holy wrath
 30932 | Snake:4  | Identified a +0 spear
 30932 | Snake:4  | Identified a +0 robe
 30952 | Snake:4  | Identified a +0 trident
 30952 | Snake:4  | Identified a +0 robe
 30952 | Snake:4  | Identified a +0 trident
 30952 | Snake:4  | Identified a +0 robe
 30952 | Snake:4  | Identified a +0 glaive
 30952 | Snake:4  | Identified a +0 robe
 30952 | Snake:4  | Identified a +0 dire flail
 30952 | Snake:4  | Identified a +0 scimitar
 30952 | Snake:4  | Identified a +0 longbow
 30952 | Snake:4  | Identified a +0 robe
 30953 | Snake:4  | Identified a +0 glaive
 30955 | Snake:4  | Identified a +0 hand axe
 30964 | Snake:4  | Identified a +0 flail
 30964 | Snake:4  | Identified a +0 arbalest
 30964 | Snake:4  | Identified a +0 robe
 31000 | Snake:4  | Identified a +0 mace
 31000 | Snake:4  | Identified a +0 arbalest
 31050 | Snake:4  | Identified a scroll of vulnerability
 31052 | Snake:4  | Identified a potion of magic
 31094 | Snake:4  | Identified a +0 war axe
 31094 | Snake:4  | Identified a cursed +0 robe
 31097 | Snake:4  | Identified a +0 war axe
 31152 | Snake:4  | Identified a ring of strength (You found it on level 4 of
                  | the Snake Pit)
 31178 | Snake:4  | Identified a +0 dire flail
 31178 | Snake:4  | Identified a +0 long sword
 31213 | Snake:4  | Identified a +0 flail
 31213 | Snake:4  | Identified a +0 robe
 31213 | Snake:4  | Identified a +0 scimitar
 31220 | Snake:4  | Identified a +0 halberd
 31220 | Snake:4  | Identified a +0 short sword
 31262 | Snake:4  | Identified a +0 battleaxe
 31262 | Snake:4  | Identified a cursed +0 robe
 31401 | Snake:4  | Identified a +0 dagger of venom
 31401 | Snake:4  | Identified a cursed +0 robe
 31408 | Snake:4  | Identified a +0 short sword
 31703 | Snake:4  | Identified a +0 long sword
 31733 | Snake:4  | Identified a +0 robe
 31736 | Snake:4  | Identified a +0 dire flail
 31817 | Snake:4  | Identified a +3 trident
 31823 | Snake:4  | Reached skill level 13 in Invocations
 32086 | Orc:2    | Bought a manual of Unarmed Combat for 1766 gold pieces
 32384 | Snake:4  | Identified a +0 battleaxe
 32400 | Snake:4  | Identified a +0 trident
 32403 | Snake:4  | Identified a +0 vampiric battleaxe
 32403 | Snake:4  | Identified a +0 trident
 32403 | Snake:4  | Identified a cursed +0 robe
 32404 | Snake:4  | Identified a +4 war axe
 32408 | Snake:4  | Identified a +0 battleaxe
 32408 | Snake:4  | Identified a +2 shortbow of freezing
 32437 | Snake:4  | Identified a +0 whip
 32437 | Snake:4  | Identified a +0 robe
 32571 | Snake:4  | Identified a +0 short sword
 32605 | Snake:4  | Identified a +0 dagger of venom
 32605 | Snake:4  | Identified a +0 robe
 32608 | Snake:4  | Identified a +0 spear
 32608 | Snake:4  | Identified a +0 robe
 32634 | Snake:4  | Reached skill level 10 in Dodging
 32638 | Snake:4  | HP: 63/267 [naga sharpshooter/arrow (9)]
 32643 | Snake:4  | HP: 48/267 [poisoned by a naga sharpshooter (splash of
                  | poison)]
 32648 | Snake:4  | HP: 34/178 [poisoned by a naga sharpshooter (splash of
                  | poison)]
 32654 | Snake:4  | HP: 40/178 [poisoned by a naga sharpshooter (splash of
                  | poison)]
 32657 | Snake:4  | Identified a +0 trident
 32811 | Snake:4  | Identified a cursed +0 short sword
 32811 | Snake:4  | Identified a cursed -1 robe
 32811 | Snake:4  | Identified a +0 shield
 32995 | Snake:4  | Reached skill level 6 in Evocations
 33074 | Snake:4  | Got a serpentine rune of Zot
 33455 | Shoals:1 | Entered Level 1 of the Shoals
 33455 | Shoals:1 | Identified a +0 trident
 33455 | Shoals:1 | Identified a +0 trident
 33461 | Shoals:1 | Identified a +0 trident
 33520 | Shoals:1 | Identified a +0 trident
 33533 | Shoals:1 | HP: 40/178 [water nymph/the raging water (31)]
 33534 | Shoals:1 | HP: 10/178 [water nymph/the raging water (35)]
 33534 | Shoals:1 | Killed from afar by a water nymph

Table legend:
 A = Turns spent in this place as a percentage of turns spent in the entire game.
 B = Non-inter-level travel turns spent in this place as a percentage of non-inter-level travel turns spent in the entire game.
 C = Inter-level travel turns spent in this place as a percentage of turns spent in this place.
 D = Turns resting spent in this place as a percentage of non-inter-level travel turns spent in this place.
 E = Turns spent auto-exploring this place as a percentage of non-inter-level travel turns spent in this place.
 F = Non-inter-level travel turns spent in this place divided by the number of levels of this place that you've seen.
                   A       B       C       D       E      F
               +-------+-------+-------+-------+-------+----------------------
         Total | 100.0 | 100.0 |   8.0 |  19.5 |  50.8 | 1027.9
       Dungeon |  41.8 |  42.4 |   6.7 |  13.3 |  59.8 | 871.5
        Temple |   0.8 |   0.8 |   6.0 |   0.0 |  93.2 | 237.0
          Lair |  27.2 |  25.7 |  13.1 |  24.8 |  48.1 | 1320.7
        Shoals |   0.1 |   0.1 |   0.0 |   0.0 |   0.0 |  27.0
     Snake Pit |  18.7 |  19.0 |   6.8 |  17.3 |  49.4 | 1464.8
  Orcish Mines |  10.5 |  11.0 |   3.4 |  36.1 |  24.4 | 1701.5
       Ossuary |   0.9 |   1.0 |   0.0 |  24.2 |  30.6 | 314.0
               +-------+-------+-------+-------+-------+----------------------

Table legend:
 A = Kills in this place as a percentage of kills in entire the game.
 B = Kills by you in this place as a percentage of kills by you in the entire game.
 C = Kills by friends in this place as a percentage of kills by friends in the entire game.
 D = Other kills in this place as a percentage of other kills in the entire game.
 E = Experience gained in this place as a percentage of experience gained in the entire game.
 F = Experience gained in this place divided by the number of levels of this place that you have seen.
                   A       B       C       D       E      F
               +-------+-------+-------+-------+-------+----------------------
         Total | 100.0 | 100.0 | 100.0 | 100.0 | 100.0 | 8778.1
       Dungeon |  46.2 |  45.8 |  87.5 |  66.7 |  29.9 | 5253.3
          Lair |  21.7 |  21.9 |   0.0 |   0.0 |  27.9 | 12256.7
        Shoals |   0.6 |   0.6 |   0.0 |   0.0 |   0.9 | 2487.0
     Snake Pit |  18.4 |  18.5 |  12.5 |   0.0 |  35.2 | 23148.8
  Orcish Mines |  11.9 |  12.0 |   0.0 |  33.3 |   6.0 | 7917.0
       Ossuary |   1.2 |   1.2 |   0.0 |   0.0 |   0.0 |  88.0
               +-------+-------+-------+-------+-------+----------------------

Skill      XL: |  1  2  3  4  5  6  7  8  9 10 11 12 13 14 15 16 17 |
---------------+----------------------------------------------------+-----
Throwing       | 1 2 3 4 5 6 7 8 9 10 | 10.5
Fighting       | 3 4 5 6 7 8 9 10 11 12 13 | 13.5
Unarmed Combat | 4 5 6 7 8 9 10 12 13 14 15 | 15.9
Dodging        | 3 4 5 6 7 8 9 10 | 10.0
Invocations    | 3 5 7 8 9 10 11 12 13 | 13.1
Evocations     | 2 3 4 5 6 |  6.0
Armour         | 2 3 5 |  5.8
Stealth        | |  1.0

Action                   |  1- 3 |  4- 6 |  7- 9 | 10-12 | 13-15 | 16-18 || total
-------------------------+-------+-------+-------+-------+-------+-------++-------
Melee: Unarmed           |    75 |    89 |   287 |   614 |   901 |   766 ||  2732
       Punch             |     1 |     3 |    11 |    41 |    89 |    81 ||   226
Throw: Dart              |    30 |    14 |    55 |   135 |       |    75 ||   309
       Boomerang         |       |       |       |    87 |   402 |       ||   489
       Large rock        |       |       |       |     6 |    58 |    68 ||   132
       Javelin           |       |       |       |       |    23 |    42 ||    65
Invok: Upheaval          |       |       |     1 |       |       |       ||     1
       Elemental Force   |       |       |       |     2 |       |     1 ||     3
 Abil: Evoke Berserk Rag |       |       |       |       |       |     1 ||     1
Evoke: Wand              |       |       |       |    16 |    14 |     5 ||    35
       Box of beasts     |       |       |       |       |       |     2 ||     2
  Use: Scroll            |       |     2 |     5 |    14 |    12 |     5 ||    38
       Potion            |       |       |       |     2 |       |     3 ||     5
 Stab: Sleeping          |     1 |     3 |       |       |       |       ||     4
       Paralysed         |       |       |       |     5 |       |       ||     5
       Petrified         |       |       |       |       |    16 |       ||    16
       Petrifying        |       |       |       |       |     2 |       ||     2
       Distracted        |       |       |       |       |       |     1 ||     1
  Eat: Chunk             |    14 |    14 |    35 |    64 |    88 |    47 ||   262
       Ration            |       |       |       |     2 |     3 |     8 ||    13
Armor: Robe              |    33 |    20 |    65 |   136 |    84 |       ||   338
       Ice dragon scales |       |       |       |       |   191 |       ||   191
       Troll leather arm |       |       |       |       |    94 |   156 ||   250
Dodge: Dodged            |    38 |    30 |   149 |   279 |   544 |   433 ||  1473
       Deflected         |       |       |       |    18 |    25 |    84 ||   127
Block: Other             |       |       |    12 |   133 |   388 |   268 ||   801

Vanquished Creatures
  A thorn hunter (Lair:1)
  Kirke (Snake:2)
  7 nagarajas
  An orc warlord (Orc:2)
  Snorg (D:14)
  13 naga warriors
  Erolcha (D:10)
  4 vault guards (D:13)
  15 hydras
  An ice dragon (Lair:5)
  7 anacondas
  Erica (D:8)
  Harold (D:10)
  3 catoblepae
  5 centaur warriors
  4 two-headed ogres
  An alligator (Snake:2)
  9 death yaks
  A deep troll shaman (Lair:6)
  14 naga sharpshooters
  2 tengu warriors
  4 orc high priests (Orc:2)
  Urug (D:10)
  7 shock serpents
  Nergalle (D:12)
  Sonja (D:10)
  5 skeletal warriors
  3 unseen horrors
  2 sea snakes
  A necromancer (D:13)
  5 naga ritualists
  4 orc knights
  2 deep elf magi (D:14)
  2 wolf spider zombies
  An oklob plant (Lair:6)
  3 orc sorcerers (Orc:2)
  3 cyclopes
  3 mana vipers
  20 ugly things
  2 manticores
  12 salamanders
  15 elephants
  Maurice (Orc:1)
  2 guardian serpents
  A merfolk siren (Shoals:1)
  A guardian serpent (shapeshifter) (D:13)
  5 naga magi
  30 black mambas
  4 gargoyles
  15 spiny frogs
  A spiny frog (shapeshifter) (D:15)
  3 rime drakes
  9 komodo dragons
  A freezing wraith (D:11)
  3 trolls
  A merfolk (Shoals:1)
  A harpy zombie (D:14)
  A tengu conjurer (D:14)
  A polar bear (Lair:3)
  A troll (shapeshifter) (D:14)
  A hornet (D:13)
  Prince Ribbit (D:5)
  12 hippogriffs
  40 blink frogs
  A snapping turtle (Shoals:1)
  7 slime creatures
  12 dream sheep
  A meliai zombie (D:10)
  6 shadows
  2 water elementals
  A centaur simulacrum (D:13)
  2 vampires
  3 wyverns
  3 hogs (Snake:2)
  43 yaks
  A hungry ghost (D:14)
  3 basilisks
  6 swamp worms (Snake:2)
  4 vampire mosquitoes
  A warg (Orc:2)
  60 nagas
  A soldier ant (D:13)
  Duvessa (D:4)
  An acid dragon (D:14)
  5 water moccasins
  26 orc warriors
  9 porcupines
  A black bear (shapeshifter) (D:15)
  2 sky beasts
  3 ice beasts
  16 wolves
  12 ogres
  2 phantoms
  3 black bears (Lair:6)
  17 centaurs
  12 crocodiles
  A big kobold (D:10)
  11 bullfrogs
  Dowan (D:4)
  A water moccasin zombie (D:3)
  A water moccasin skeleton (D:8)
  5 scorpions
  10 killer bees
  10 wights
  3 howler monkeys
  4 electric eels
  7 crimson imps
  6 centaur zombies
  7 jellies
  A bullfrog zombie (D:13)
  7 hounds
  31 orc wizards
  Crazy Yiuf (D:7)
  3 bullfrog skeletons
  27 orc priests
  6 centaur skeletons
  4 iguanas
  13 worker ants
  A big kobold zombie (Ossuary)
  A hound zombie (D:11)
  3 mummies (Ossuary)
  A worker ant zombie (D:11)
  7 gnolls
  13 adders
  4 shadow imps
  3 white imps (Lair:5)
  2 oozes
  An adder zombie (D:6)
  3 worms
  2 dart slugs (D:2)
  4 leopard geckos
  82 orcs
  4 ball pythons
  5 bats
  4 giant cockroaches
  8 goblins
  3 hobgoblins
  10 jackals
  2 quokkas
  5 frilled lizards
  3 gnoll zombies (Ossuary)
  2 jackal skeletons
  10 kobolds
  2 kobold zombies (Ossuary)
  2 orc zombies (Ossuary)
  6 rats
  A briar patch (Lair:1)
  2 butterflies (Lair:6)
  3 plants
951 creatures vanquished.

Vanquished Creatures (collateral kills)
  A nagaraja (Snake:4)
  A tengu warrior (D:15)
  A glowing orange brain (D:15)
  An orc knight (D:15)
  An ugly thing (D:15)
  A salamander (shapeshifter) (D:15)
  A manticore (D:15)
  An orc (D:15)
8 creatures vanquished.

Vanquished Creatures (others)
  A centaur warrior (D:15)
  A slime creature (D:15)
  A basilisk (Lair:5)
  A human (Snake:2)
  An orc (Orc:2)
  A briar patch (Lair:1)
  12 bushes (D:14)
  17 fungi
  18 plants
53 creatures vanquished.

Grand Total: 1012 creatures vanquished
